 Dungeon Crawl Stone Soup version 0.21.1-1-g345015f (webtiles) character file.

5489 Curus the Basher (level 10, -5/91 HPs)
             Began as a Minotaur Fighter on Apr 5, 2018.
             Was an Initiate of Trog.
             Killed from afar by a catoblepas (8 damage)
             ... with a blast of calcifying dust
             ... on level 2 of the Lair of Beasts.
             The game lasted 00:33:18 (7912 turns).

Curus the Basher (Minotaur Fighter)                 Turns: 7912, Time: 00:33:19

Health: -5/91      AC: 11    Str: 21    XL:     10   Next: 42%
Magic:  9/9        EV:  5    Int:  7    God:    Trog [......]
Gold:   423        SH: 13    Dex: 13    Spells: 9/9 levels left

rFire    + . .     SeeInvis .   q - +3 flail (drain)
rCold    . . .     Gourm    .   c - +2 shield
rNeg     . . .     Faith    .   e - +0 chain mail
rPois    +         Spirit   .   (helmet restricted)
rElec    .         Reflect  +   (no cloak)
rCorr    .         Harm     .   (no gloves)
MR       .....     Clarity  +   (no boots)
Stlth    ..........             r - +2 amulet of reflection
HPRegen  0.25/turn              y - ring of protection from fire
MPRegen  0.11/turn              v - ring of poison resistance

@: no status effects
A: retaliatory headbutt, horns 2, agile 1, clarity, screaming 1
a: Burn Spellbooks, Renounce Religion


You were on level 2 of the Lair of Beasts.
You worshipped Trog.
Trog was noncommittal.
You were not hungry.

You visited 3 branches of the dungeon, and saw 11 of its levels.

You collected 423 gold pieces.

Inventory:

Hand Weapons
 a - a +0 flail
 q - a +3 flail of draining (weapon)
Armour
 b - a +0 scale mail
 c - a +2 shield (worn)
 e - a +0 chain mail (worn)
Jewellery
 h - a +2 ring of dexterity
 o - an uncursed ring of ice
 r - a +2 amulet of reflection (around neck)
 s - an uncursed ring of loudness
 t - an uncursed ring of ice
 v - a ring of poison resistance (right hand)
 y - a ring of protection from fire (left hand)
Wands
 u - a wand of paralysis (9)
 w - a wand of iceblast (7)
Scrolls
 d - 5 scrolls of teleportation
 g - 10 scrolls of identify
 k - a scroll of fog
 l - 2 scrolls of amnesia
 p - 4 scrolls of magic mapping
Potions
 i - 4 potions of curing
 j - a potion of lignification
 m - 2 potions of flight
 n - a potion of brilliance
 x - a potion of might
Comestibles
 f - 14 rations


   Skills:
 + Level 9.1 Fighting
 - Level 14.0 Maces & Flails
 + Level 9.1 Armour
 - Level 3.6 Shields


You had 9 spell levels left.
You didn't know any spells.

Dungeon Overview and Level Annotations

Branches:
Dungeon (8/15)             Temple (1/1) D:6            Lair (2/6) D:8
  Swamp: Lair:2-4    Shoals: Lair:2-4     Snake: Lair:2-4    Spider: Lair:2-4

Altars:
Ashenzari
Elyvilon
Kikubaaqudgha
Nemelex Xobeh
Qazlal
Trog
Vehumet
Wu Jian
Xom
Yredelemnul


Innate Abilities, Weirdness & Mutations

You reflexively headbutt those who attack you in melee.
You have a pair of horns on your head.
You are agile. (Dex +2)
You possess an exceptional clarity of mind.
You occasionally shout uncontrollably at your foes.


Message History

The catoblepas gores you.
The catoblepas breathes a plume of calcifying dust at you.
The blast of calcifying dust hits you!
You have turned to stone.
You are engulfed in calcifying dust.
The catoblepas gores you!
You are engulfed in calcifying dust.
The catoblepas gores you!
You are engulfed in calcifying dust.
The catoblepas breathes a plume of calcifying dust at you.
The blast of calcifying dust hits you!
You are engulfed in calcifying dust.
The catoblepas barely misses you. The catoblepas gores you!
* * * LOW HITPOINT WARNING * * *
The catoblepas gores you!!
* * * LOW HITPOINT WARNING * * *
The catoblepas gores you!
* * * LOW HITPOINT WARNING * * *
The catoblepas gores you but does no damage.
You turn to flesh and can move again.
The catoblepas breathes a plume of calcifying dust at you.
The blast of calcifying dust hits you!
You die...

#.# ##...=........
#. ##....†.......
#..............
###..............
#................
###..............
P#.#..............
...>...............
.P.#####Y@.........
..# ##........... .
#P...........
#P...........
#..............
............$...
#.###........... ##
#......./...
#...........


You could see a catoblepas.

Vanquished Creatures
  Pikel (D:8)
  Joseph (D:7)
  A torpor snail (Lair:2)
  2 spiny frogs
  A rime drake (Lair:2)
  2 komodo dragons (Lair:1)
  Sigmund (D:2)
  A wyvern (Lair:1)
  A basilisk (Lair:1)
  Eustachio (D:6)
  A hungry ghost (D:7)
  Edmund (D:5)
  A porcupine (Lair:2)
  3 ice beasts
  A black bear (D:7)
  A slave (D:8)
  A centaur (D:7)
  A phantom (D:7)
  5 ogres
  The ghost of lyrx the Conjurer, an amateur DsCj (D:3)
  A big kobold (D:7)
  A water moccasin zombie (D:6)
  2 bullfrogs
  2 scorpions (D:5)
  A howler monkey (D:7)
  A crimson imp (D:7)
  An orc wizard (D:3)
  An orc priest (D:4)
  2 bullfrog skeletons (D:6)
  2 hounds
  2 iguanas
  4 worker ants
  3 hound skeletons
  12 adders
  7 gnolls
  2 shadow imps
  An adder zombie (D:7)
  2 adder skeletons
  4 worms
  3 dart slugs
  2 leopard geckos (D:2)
  9 orcs
  5 giant cockroaches
  14 goblins
  8 hobgoblins
  7 jackals (D:1)
  7 quokkas
  6 bats
  11 frilled lizards
  A jackal skeleton (D:4)
  9 kobolds
  7 rats
168 creatures vanquished.

Notes
Turn   | Place    | Note
-------+----------+-------------------------------------------
     0 | D:1      | Curus the Minotaur Fighter began the quest for the Orb.
     0 | D:1      | Reached XP level 1. HP: 19/19 MP: 0/0
    91 | D:1      | Reached skill level 3 in Maces & Flails
   126 | D:1      | Reached XP level 2. HP: 21/26 MP: 1/1
   230 | D:1      | Reached skill level 4 in Maces & Flails
   304 | D:1      | Reached XP level 3. HP: 20/31 MP: 2/2
   713 | D:2      | Reached skill level 5 in Maces & Flails
   800 | D:2      | Noticed Sigmund
   806 | D:2      | Reached XP level 4. HP: 37/39 MP: 3/3
   824 | D:2      | Killed Sigmund
   824 | D:2      | Reached skill level 7 in Maces & Flails
   824 | D:2      | Reached XP level 5. HP: 6/45 MP: 4/4
  1023 | D:2      | Reached XP level 6. HP: 30/51 MP: 5/5
  1862 | D:3      | Reached skill level 8 in Maces & Flails
  1934 | D:3      | Noticed lyrx's ghost (amateur DsCj)
  1944 | D:3      | Killed lyrx's ghost
  2001 | D:3      | Reached skill level 9 in Maces & Flails
  2194 | D:3      | Gained mutation: Armour fits poorly on your strangely shaped body. [potion of mutation]
  2194 | D:3      | Gained mutation: You have sharp fingernails. [potion of mutation]
  2384 | D:3      | Found a shattered altar of Ashenzari.
  2609 | D:4      | Reached XP level 7. HP: 52/57 MP: 6/6
  3602 | D:5      | Entered Level 5 of the Dungeon
  3674 | D:5      | Reached skill level 10 in Maces & Flails
  4480 | D:5      | Noticed Edmund
  4497 | D:5      | Killed Edmund
  4497 | D:5      | Reached skill level 11 in Maces & Flails
  4497 | D:5      | Reached XP level 8. HP: 27/64 MP: 7/7
  5021 | D:6      | Noticed Eustachio
  5045 | D:6      | Killed Eustachio
  5149 | D:6      | Reached skill level 12 in Maces & Flails
  5434 | D:6      | Found a staircase to the Ecumenical Temple.
  5694 | D:7      | Reached skill level 13 in Maces & Flails
  5920 | D:7      | Reached XP level 9. HP: 64/70 MP: 8/8
  6046 | D:7      | Reached skill level 14 in Maces & Flails
  6229 | D:7      | Noticed Joseph
  6248 | D:7      | Killed Joseph
  6248 | D:7      | Reached skill level 5 in Fighting
  6248 | D:7      | Reached skill level 5 in Armour
  6307 | Temple   | Entered the Ecumenical Temple
  6312 | Temple   | Became a worshipper of Trog the Wrathful
  6416 | D:8      | Noticed Pikel
  6439 | D:8      | Killed Pikel
  6464 | D:8      | Lost mutation: Armour fits poorly on your strangely shaped body. [potion of mutation]
  6464 | D:8      | Lost mutation: You have sharp fingernails. [potion of mutation]
  6464 | D:8      | Gained mutation: You possess an exceptional clarity of mind. [potion of mutation]
  6464 | D:8      | Gained mutation: You occasionally shout uncontrollably at your foes. [potion of mutation]
  6464 | D:8      | Gained mutation: You are agile. (Dex +2) [potion of mutation]
  6520 | D:8      | Found a staircase to the Lair.
  6528 | Lair:1   | Entered Level 1 of the Lair of Beasts
  6691 | Lair:1   | Noticed a komodo dragon
  6711 | Lair:1   | Killed a komodo dragon
  6800 | Lair:1   | Reached XP level 10. HP: 25/86 MP: 9/9
  7341 | Lair:1   | Noticed a spiny frog
  7348 | Lair:1   | Killed a spiny frog
  7572 | Lair:1   | Noticed an eight-headed hydra
  7773 | Lair:2   | Noticed a spiny frog
  7786 | Lair:2   | Killed a spiny frog
  7873 | Lair:2   | Noticed a torpor snail
  7880 | Lair:2   | Killed a torpor snail
  7884 | Lair:2   | Noticed a catoblepas
  7910 | Lair:2   | HP: 3/91 [catoblepas (7)]
  7912 | Lair:2   | Killed from afar by a catoblepas

Skill      XL: |  1  2  3  4  5  6  7  8  9 10 |
---------------+-------------------------------+-----
Maces & Flails | 3 4 5 7 9 11 13 14 | 14.0
Fighting       | 7 9 |  9.1
Armour         | 7 9 |  9.1
Shields        | |  3.6

Action                   |  1- 3 |  4- 6 |  7- 9 | 10-12 || total
-------------------------+-------+-------+-------+-------++-------
Melee: Flail             |   115 |   158 |   304 |    40 ||   617
       Headbutt          |    13 |    20 |    65 |    11 ||   109
Invok: Burn Spellbooks   |       |       |     1 |       ||     1
  Use: Scroll            |     4 |     5 |     7 |     1 ||    17
       Potion            |     4 |     5 |     6 |       ||    15
  Eat: Chunk             |       |     6 |     8 |       ||    14
       Ration            |       |       |     2 |     1 ||     3
Armor: Chain mail        |    80 |    77 |    50 |     8 ||   215
Dodge: Dodged            |    28 |    24 |    35 |     4 ||    91
Block: Shield            |    60 |    71 |   114 |    10 ||   255
       Reflection        |       |       |     8 |       ||     8
